[Event "Late-Titled-Tuesday-Blitz-March-05-2024"]
[Site "Chess.com"]
[Date "2024.03.05"]
[Round "9"]
[White "XeresLt"]
[Black "sotochess"]
[Result "1-0"]
[WhiteElo "2491"]
[BlackElo "2575"]
[TimeControl "180+1"]
[EndTime "15:37:11 PST"]
[Termination "XeresLt won by resignation"]

1. e4 d5 2. exd5 Qxd5 3. Nc3 Qa5 4. Bc4 Nf6 5. d3 c6 6. Qe2 Bg4 7. f3 Bf5 8. g4 Bg6 9. f4 h5 10. f5 Bh7 11. g5 Nfd7 12. Bxf7+ Kxf7 13. g6+ Ke8 14. gxh7 Qxf5 15. Be3 Nf6 16. O-O-O Nbd7 17. Nf3 Ng4 18.
Rhf1 Qe6 19. Ne4 Qxa2 20. Bd4 Qd5 21. c4 Qa5 22. Nd6+ Kd8 23. Nxb7+ 1-0

[Event "Late-Titled-Tuesday-Blitz-March-05-2024"]
[Site "Chess.com"]
[Date "2024.03.05"]
[Round "9"]
[White "sonson28291"]
[Black "prochn"]
[Result "0-1"]
[WhiteElo "2265"]
[BlackElo "2418"]
[TimeControl "180+1"]
[EndTime "15:37:17 PST"]
[Termination "prochn won by resignation"]

1. e4 c6 2. Ne2 d5 3. e5 d4 4. Ng3 c5 5. Bc4 e6 6. O-O a6 7. a4 Bd7 8. f4 g6 9. d3 Bc6 10. Nd2 Nd7 11. Nde4 b5 12. axb5 axb5 13. Rxa8 Qxa8 14.
Bb3 c4 15. dxc4 Bxe4 16. Nxe4 Qxe4 17. cxb5 Bc5 18. Kh1 Ne7 19. Bc4 Nf5 20. Bd3 Qb7 21. Qg4 Ne3 22. Bxe3 dxe3 23. Qe2 O-O 24. c3 Ra8 25. b4 Bb6 26. h4 Ra3 27. c4 Bd4 28.
c5 Qa8 29. h5 Qa4 30. hxg6 hxg6 31. Qg4 Rxd3 0-1

[Event "Late-Titled-Tuesday-Blitz-March-05-2024"]
[Site "Chess.com"]
[Date "2024.03.05"]
[Round "9"]
[White "HaryKane"]
[Black "Quattroporte300"]
[Result "1-0"]
[WhiteElo "2586"]
[BlackElo "2460"]
[TimeControl "180+1"]
[EndTime "15:37:36 PST"]
[Termination "HaryKane won by resignation"]

1. e4 c5 2. Nf3 Nc6 3. d4 cxd4 4. Nxd4 Nf6 5. Nc3 d6 6. Bc4 e6 7. Bb3 Be7 8. Be3 O-O 9. f3 a6 10. Qd2 Qc7 11. g4 Na5 12. g5 Nxb3 13. axb3 Nd7 14.
h4 Nb6 15. O-O-O e5 16. Nf5 Bxf5 17. exf5 Rfd8 18. Bxb6 Qxb6 19. Nd5 Qc5 20. Nxe7+ Kf8 21. Nd5 a5 22. Kb1 Ra6 23. g6 fxg6 24. fxg6 h6 25. f4 e4 26. Rhe1 a4 27. b4 Qc4 28.
Qd4 1-0

[Event "Late-Titled-Tuesday-Blitz-March-05-2024"]
[Site "Chess.com"]
[Date "2024.03.05"]
[Round "9"]
[White "cristiano78"]
[Black "DonBroca"]
[Result "1-0"]
[WhiteElo "2288"]
[BlackElo "2153"]
[TimeControl "180+1"]
[EndTime "15:37:37 PST"]
[Termination "cristiano78 won by resignation"]

1. d4 g6 2. c4 Bg7 3. Nc3 Nf6 4. e4 d6 5. Nf3 O-O 6. Be2 e5 7. O-O Nc6 8. d5 Ne7 9. Ne1 Ne8 10. Be3 f5 11. f3 f4 12. Bf2 g5 13. c5 Rf6 14.
Nd3 Ng6 15. a4 Bf8 16. cxd6 cxd6 17. Nb5 a6 18. Na3 Bd7 19. Nc4 h5 20. Qb3 Rb8 21. Bb6 Qe7 22. Rfc1 g4 23. Ne1 Ng7 24. Bc7 Rd8 25.
Bxd8 Qxd8 26. Qxb7 Bc8 27. Qb6 Qe8 28. Qb8 Nh4 29.
Nxd6 Rxd6 30. Rxc8 Qf7 31. fxg4 hxg4 32. Bxg4 Rg6 33.
Bf3 Rxg2+ 34. Bxg2 f3 35. Nxf3 Nxg2 36. Rxf8+ Qxf8 37. Qxf8+ Kxf8 38. Kxg2 1-0

[Event "Late-Titled-Tuesday-Blitz-March-05-2024"]
[Site "Chess.com"]
[Date "2024.03.05"]
[Round "9"]
[White "EsmeraldasAnderson03"]
[Black "BilicVladimir"]
[Result "1-0"]
[WhiteElo "2542"]
[BlackElo "2611"]
[TimeControl "180+1"]
[EndTime "15:37:39 PST"]
[Termination "EsmeraldasAnderson03 won by resignation"]

1. d4 Nf6 2. c4 e6 3. Nc3 Bb4 4. f3 d5 5. a3 Be7 6. e4 c5 7. e5 Nfd7 8. cxd5 cxd4 9. Qxd4 Bc5 10. Qg4 Nxe5 11. Qxg7 Ng6 12. Bb5+ Bd7 13. dxe6 fxe6 14.
Bd3 Rf8 15. Bxg6+ hxg6 16. Qxg6+ Rf7 17. Bg5 Qb6 18. O-O-O Na6 19. Rxd7 Be3+ 20. Kc2 Kxd7 21. Qxf7+ 1-0

[Event "Late-Titled-Tuesday-Blitz-March-05-2024"]
[Site "Chess.com"]
[Date "2024.03.05"]
[Round "9"]
[White "SpeedofLight0"]
[Black "TanitoluwaAps116"]
[Result "1-0"]
[WhiteElo "3097"]
[BlackElo "2847"]
[TimeControl "180+1"]
[EndTime "15:37:43 PST"]
[Termination "SpeedofLight0 won by resignation"]

1. d4 Nf6 2. Nc3 d6 3. e4 g6 4. Be3 Bg7 5. Qd2 a6 6. Bh6 O-O 7. h4 b5 8. h5 b4 9. hxg6 fxg6 10.
Bxg7 Kxg7 11. Qh6+ Kh8 12. Nd5 Rf7 13. Nf4 Ng4 14. Nxg6+ Kg8 15. Qg5 hxg6 16. Qxg6+ Rg7 17. Bc4+ 1-0

[Event "Late-Titled-Tuesday-Blitz-March-05-2024"]
[Site "Chess.com"]
[Date "2024.03.05"]
[Round "9"]
[White "jamengrand"]
[Black "mightysmasher"]
[Result "1-0"]
[WhiteElo "2495"]
[BlackElo "2584"]
[TimeControl "180+1"]
[EndTime "15:37:49 PST"]
[Termination "jamengrand won by checkmate"]

1. e4 e6 2. d4 d5 3. e5 c5 4. c3 Nc6 5. Nf3 Bd7 6. Bd3 cxd4 7. O-O Nge7 8. a3 dxc3 9. Nxc3 Qb8 10. Re1 a6 11. b4 Ng6 12. Bb2 Be7 13. h4 O-O 14.
h5 Nf4 15. Bc2 Nxh5 16. Ne2 g6 17. g4 Ng7 18. Kg2 Qd8 19. Rh1 f6 20. Rxh7 f5 21. Qh1 Rc8 22. Qh6 Kf7 23. Rxg7+ Ke8 24. Qxg6+ Rf7 25. Qxf7# 1-0

[Event "Late-Titled-Tuesday-Blitz-March-05-2024"]
[Site "Chess.com"]
[Date "2024.03.05"]
[Round "9"]
[White "titomagno_64"]
[Black "DonJuan_34"]
[Result "0-1"]
[WhiteElo "2340"]
[BlackElo "2486"]
[TimeControl "180+1"]
[EndTime "15:38:05 PST"]
[Termination "DonJuan_34 won by resignation"]

1. d4 Nf6 2. c4 g6 3. Nc3 Bg7 4. e4 O-O 5. Nf3 d6 6. Be2 e5 7. O-O Nc6 8. d5 Ne7 9. b4 Ne8 10. c5 f5 11. Nd2 Nf6 12. f3 f4 13. a4 g5 14. Nc4 Rf7 15. Ba3 Bf8 16. b5 Ng6 17. a5 dxc5 18. b6 cxb6 19. axb6 a6 20. Na4 g4 21. Bxc5 g3 22. Bxf8 gxh2+ 23. Kf2 Nxe4+ 24.
Ke1 Qh4+ 25. g3 Qxg3+ 0-1

[Event "Late-Titled-Tuesday-Blitz-March-05-2024"]
[Site "Chess.com"]
[Date "2024.03.05"]
[Round "9"]
[White "Beca95"]
[Black "Kosak12"]
[Result "1-0"]
[WhiteElo "2973"]
[BlackElo "2803"]
[TimeControl "180+1"]
[EndTime "15:38:13 PST"]
[Termination "Beca95 won by resignation"]

1. d4 Nf6 2. c4 e6 3. Nc3 Bb4 4. Qc2 d5 5. cxd5 exd5 6. Bg5 h6 7. Bh4 Nc6 8. e3 g5 9. Bg3 Ne4 10. Bd3 Nxg3 11. hxg3 Be6 12. Ne2 Qe7 13. a3 Bd6 14. Bb5 h5 15. e4 Bd7 16. Nxd5 Qd8 17.
e5 Be7 18. O-O-O a6 19. Bc4 Be6 20. Ne3 Bxc4 21. Qxc4 Qd7 22. f4 gxf4 23. gxf4 O-O-O 24. d5 Na5 25. Qc3 Qb5 26. Nd4 Qb6 27. b4 Nc6 28.
dxc6 Rhg8 29. Ndf5 1-0

[Event "Late-Titled-Tuesday-Blitz-March-05-2024"]
[Site "Chess.com"]
[Date "2024.03.05"]
[Round "9"]
[White "WilsonPalencia21"]
[Black "Nick12772"]
[Result "1-0"]
[WhiteElo "2565"]
[BlackElo "2395"]
[TimeControl "180+1"]
[EndTime "15:38:33 PST"]
[Termination "WilsonPalencia21 won by resignation"]

1. d4 Nf6 2. c4 g6 3. Nf3 Bg7 4. Nc3 d5 5. Bg5 Ne4 6. cxd5 Nxg5 7. Nxg5 e6 8. Qd2 exd5 9. Qe3+ Kf8 10. Qf4 Bf6 11.
h4 h6 12. Nf3 Kg7 13. O-O-O c6 14. e3 Be6 15. g4 Nd7 16. Qg3 Qb8 17. Qg2 c5 18.
Bd3 cxd4 19. Nxd4 Bxd4 20. exd4 Qf4+ 21. Kb1 Qxg4 22. Qh2 Bf5 23. Ka1 Bxd3 24. Rxd3 Nf6 25. Qe5 Qe6 26. Re3 Qxe5 27. Rxe5 Rad8 28. f3 Rd7 29.
Rhe1 Rhd8 30. Kb1 Nh5 31. Kc2 Nf4 32. Re7 Ne6 33. R1xe6 Rxe7 34. Rxe7 1-0

[Event "Late-Titled-Tuesday-Blitz-March-05-2024"]
[Site "Chess.com"]
[Date "2024.03.05"]
[Round "9"]
[White "KNVB"]
[Black "Zavgorodniy_Sergiy"]
[Result "1-0"]
[WhiteElo "2802"]
[BlackElo "2622"]
[TimeControl "180+1"]
[EndTime "15:38:34 PST"]
[Termination "KNVB won by resignation"]

1. d4 d5 2. Bf4 Nf6 3. e3 e6 4. Nd2 c5 5. c3 Bd6 6. Ngf3 Qc7 7. Bxd6 Qxd6 8. Ne5 O-O 9. Bd3 b6 10. Qe2 a5 11. O-O Ba6 12. Bxa6 Nxa6 13. f4 Nb8 14. Rf3 Nc6 15. Rh3 Rab8 16. g4 Nd7 17. g5 Ndxe5 18. fxe5 Qe7 19. Qh5 h6 20. gxh6 g6 21. h7+ Kh8 22. Qh6 b5 23. Nf3 b4 24.
Kh1 bxc3 25. bxc3 Rb2 26. Rf1 cxd4 27. exd4 Rxa2 28. Ng5 Nd8 29. Rhf3 a4 30. Rf6 a3 31. Rxg6 1-0

[Event "Late-Titled-Tuesday-Blitz-March-05-2024"]
[Site "Chess.com"]
[Date "2024.03.05"]
[Round "9"]
[White "mishanick"]
[Black "Polish_fighter3000"]
[Result "1-0"]
[WhiteElo "3092"]
[BlackElo "3120"]
[TimeControl "180+1"]
[EndTime "15:39:01 PST"]
[Termination "mishanick won on time"]

1. d4 Nf6 2. c4 e6 3. Nc3 Bb4 4. e3 c5 5. Bd3 d5 6. Nf3 dxc4 7. Bxc4 O-O 8. O-O cxd4 9. exd4 h6 10. Qe2 b6 11. Rd1 Bb7 12. a3 Bxc3 13. bxc3 Qc8 14.
Bd3 Qxc3 15. Bxh6 gxh6 16. Qe3 Kg7 17. Ne5 Nbd7 18. Qg3+ Kh8 19. Qf4 Kg7 20. Rac1 Qb3 21. Bc4 Qb2 22. Qg3+ Kh8 23. Qf4 Kg7 24. Nxd7 Nxd7 25.
Rd3 f5 26. Rb3 1-0

[Event "Late-Titled-Tuesday-Blitz-March-05-2024"]
[Site "Chess.com"]
[Date "2024.03.05"]
[Round "9"]
[White "pr1105"]
[Black "OrtizAnahi2001"]
[Result "1-0"]
[WhiteElo "2423"]
[BlackElo "2523"]
[TimeControl "180+1"]
[EndTime "15:39:05 PST"]
[Termination "pr1105 won by resignation"]

1. e4 e5 2. Nf3 d6 3. d4 exd4 4. Nxd4 Nf6 5. Nc3 Be7 6. Bf4 O-O 7. Qd2 Re8 8. O-O-O a6 9. f3 b5 10. g4 c5 11. Nf5 Bxf5 12. gxf5 b4 13. Nd5 Nxd5 14. Qxd5 Ra7 15. Bc4 Bg5 16. Bxg5 Qxg5+ 17. Kb1 Rd7 18. h4 Qf6 19. h5 Re5 20. Qd3 h6 21. f4 Re8 22. Rhg1 Rde7 23. Bd5 a5 24. Rg3 Kh8 25. Rdg1 Rg8 26. Qb5 Qh4 27. Rg4 Qxh5 28. f6 Ree8 29. fxg7+ Kh7 30. b3 Qh3 31. Bxf7 Qc3 32. Bxe8 1-0

[Event "Late-Titled-Tuesday-Blitz-March-05-2024"]
[Site "Chess.com"]
[Date "2024.03.05"]
[Round "9"]
[White "SnekkerAndersen"]
[Black "stollenmonster"]
[Result "0-1"]
[WhiteElo "2713"]
[BlackElo "2885"]
[TimeControl "180+1"]
[EndTime "15:39:10 PST"]
[Termination "stollenmonster won by resignation"]

1. d4 Nf6 2. c4 e6 3. Nf3 d5 4. g3 Be7 5. Bg2 O-O 6. O-O Ne4 7. b3 f5 8. Ba3 c6 9. Qc2 Bd7 10. Ne5 Be8 11. Bxe7 Qxe7 12. Nc3 Nd7 13. Nd3 g5 14. f3 Nxc3 15. Qxc3 f4 16. Rae1 Bg6 17. e3 fxg3 18. hxg3 Rf7 19. e4 dxe4 20. fxe4 Raf8 21. Nf2 Bh5 22. Qe3 Bf3 23. Nh3 Bxg2 24. Kxg2 h6 25.
e5 c5 26. Rxf7 Qxf7 27. d5 Qf5 28. Nf2 Nxe5 29. Qxc5 Qf3+ 30. Kg1 Qxg3+ 31. Kf1 Nd3 32. Qxf8+ Kxf8 33. Re3 0-1

[Event "Late-Titled-Tuesday-Blitz-March-05-2024"]
[Site "Chess.com"]
[Date "2024.03.05"]
[Round "9"]
[White "TheBigBoss04"]
[Black "Szparu"]
[Result "1-0"]
[WhiteElo "2702"]
[BlackElo "2794"]
[TimeControl "180+1"]
[EndTime "15:39:14 PST"]
[Termination "TheBigBoss04 won by checkmate"]

1. e4 c5 2. Nc3 a6 3. d4 cxd4 4.
Qxd4 Nc6 5. Qd2 Nf6 6. b3 g6 7. Bb2 Bg7 8. O-O-O O-O 9. f4 d6 10. Nf3 Bg4 11. Bd3 Bxf3 12. gxf3 e5 13. Kb1 Nh5 14.
f5 Nd4 15. Qf2 Nf4 16. h4 h5 17. Nd5 Nxd5 18. exd5 Rc8 19. fxg6 fxg6 20. Bxg6 Rxf3 21. Qg2 Qf6 22. Bxd4 exd4 23. Bd3 Rf2 24. Qe4 Kf8 25.
Rhf1 Rcxc2 26. Rxf2 Rxf2 27. Rc1 Qe5 28. Rc8+ Ke7 29. Qg6 Qe1+ 30. Rc1 Qe5 31. Rc7+ Kd8 32. Qxg7 Qe1+ 33. Rc1 Qd2 34. Qc7+ Ke8 35. Qc8+ Ke7 36. Qe6+ Kf8 37. Rc8+ Kg7 38. Qg6# 1-0

[Event "Late-Titled-Tuesday-Blitz-March-05-2024"]
[Site "Chess.com"]
[Date "2024.03.05"]
[Round "9"]
[White "protectiago"]
[Black "esteban062000"]
[Result "0-1"]
[WhiteElo "2059"]
[BlackElo "2168"]
[TimeControl "180+1"]
[EndTime "15:39:15 PST"]
[Termination "esteban062000 won by resignation"]

1. d4 Nf6 2. c4 e6 3. g3 Bb4+ 4. Bd2 Qe7 5. Bg2 O-O 6. Nf3 Bxd2+ 7. Nbxd2 d6 8. e4 e5 9. O-O Nc6 10. d5 Nb8 11. b4 b6 12. Qc2 a5 13. a3 Na6 14. Qb3 axb4 15. axb4 Bd7 16. Ra2 c5 17. Rfa1 Nc7 18. Rxa8 Rxa8 19. Rxa8+ Nxa8 20. bxc5 bxc5 21. Qb8+ Qf8 22. Qa7 Qc8 23. h4 Nc7 24. Ne1 Na6 25. Nc2 Ne8 26. f4 f6 27. Ne3 Nb4 28. fxe5 fxe5 29. Bf1 Qc7 30. Nf5 Qxa7 0-1

[Event "Late-Titled-Tuesday-Blitz-March-05-2024"]
[Site "Chess.com"]
[Date "2024.03.05"]
[Round "9"]
[White "AlexTruskavetsky"]
[Black "ATM622"]
[Result "1-0"]
[WhiteElo "2688"]
[BlackElo "2489"]
[TimeControl "180+1"]
[EndTime "15:39:18 PST"]
[Termination "AlexTruskavetsky won by resignation"]

1. d4 Nf6 2. c4 e6 3. Nc3 Bb4 4. e3 O-O 5. a3 Bxc3+ 6. bxc3 b6 7. Bd3 Bb7 8. f3 d5 9. cxd5 Nxd5 10. Ne2 c5 11. e4 Nf6 12. O-O Nc6 13. Be3 cxd4 14.
cxd4 Re8 15. Rc1 Qe7 16. Qb3 Rac8 17. Rfd1 Na5 18. Qb2 Nd7 19. Bb5 Bc6 20. Ba6 Bb7 21. Bb5 Bc6 22. Bd3 Ba4 23. Re1 e5 24. Nc3 exd4 25. Bxd4 Bc6 26. Ba6 Bb7 27. Bxb7 Nxb7 28. Nd5 Qf8 29. Rxc8 Rxc8 30. Bxg7 Qxg7 31. Ne7+ Kf8 32.
Qxg7+ Kxg7 33. Nxc8 a5 34. Rd1 Ndc5 35. Nxb6 Kf6 36.
Rd4 Ke5 37. Rd5+ Ke6 38. Nc4 a4 39. Nb2 f6 40. Rd4 Nb3 41. Rxa4 N7c5 42. Rb4 Kd6 43. Nd3 Nxd3 44. Rxb3 Nc5 45. Rb6+ Ke5 46.
Rb5 Kd4 47. Rxc5 Kxc5 48. Kf2 Kb5 49. Ke3 Ka4 50. Kd4 Kxa3 51. f4 Kb4 52. e5 fxe5+ 53. fxe5 Kb5 54. Kd5 Kb6 55. Kd6 Kb7 56. Kd7 Kb6 57.
e6 1-0

[Event "Late-Titled-Tuesday-Blitz-March-05-2024"]
[Site "Chess.com"]
[Date "2024.03.05"]
[Round "9"]
[White "Bkmzzzzz"]
[Black "Fjal"]
[Result "0-1"]
[WhiteElo "2399"]
[BlackElo "2305"]
[TimeControl "180+1"]
[EndTime "15:39:25 PST"]
[Termination "Fjal won by resignation"]

1. e4 d6 2. d4 Nf6 3. Nc3 g6 4. Nf3 Bg7 5. Be3 a6 6. a4 Nbd7 7. Bc4 e5 8. O-O O-O 9. h3 Qe7 10. Re1 b6 11. Qd2 Bb7 12. d5 Nc5 13. Bh6 a5 14. b3 Ba6 15. Bxa6 Nxa6 16. Bxg7 Kxg7 17. Nh2 Rac8 18. Rad1 Nh5 19. Ng4 Nf4 20. Ne2 Nxe2+ 21. Rxe2 f5 22. Qh6+ Kh8 23. exf5 gxf5 24. Ne3 Rf6 25.
Qh4 Qg7 26. Kh2 Rg8 27. Rg1 Nc5 28. g4 Rh6 29. Nxf5 Rxh4 30. Nxg7 Rxg7 31. f4 exf4 32. Re8+ Rg8 33. Re7 h5 34. Rf1 hxg4 35. Rxf4 g3+ 0-1

[Event "Late-Titled-Tuesday-Blitz-March-05-2024"]
[Site "Chess.com"]
[Date "2024.03.05"]
[Round "9"]
[White "karinachess1"]
[Black "VinzentSpitzl"]
[Result "1-0"]
[WhiteElo "2599"]
[BlackElo "2547"]
[TimeControl "180+1"]
[EndTime "15:39:28 PST"]
[Termination "karinachess1 won by resignation"]

1. d4 d5 2. c4 e6 3. Nc3 Nf6 4. cxd5 exd5 5. Bg5 Be7 6. e3 h6 7. Bh4 O-O 8. Bd3 Nbd7 9. Nf3 Re8 10. O-O c6 11. Qc2 Ne4 12. Bxe7 Qxe7 13. a3 Nxc3 14. bxc3 Nf6 15. c4 Be6 16. Ne5 Nd7 17. f4 Nxe5 18.
fxe5 dxc4 19. Bxc4 Bxc4 20. Qxc4 Qe6 21. Qc3 Rac8 22.
Rab1 b6 23. Rf4 c5 24. Qd2 Rcd8 25. Qf2 cxd4 26. exd4 Rd7 27. Rc1 Red8 28. h3 Qb3 29. Rf1 b5 30. Rg4 Qe6 31. Qg3 g6 32. Rf6 Qc4 33. e6 g5 34. exd7 1-0

[Event "Late-Titled-Tuesday-Blitz-March-05-2024"]
[Site "Chess.com"]
[Date "2024.03.05"]
[Round "9"]
[White "Mikhail_Golubev"]
[Black "Inepton_Fermion"]
[Result "1-0"]
[WhiteElo "2634"]
[BlackElo "2467"]
[TimeControl "180+1"]
[EndTime "15:39:29 PST"]
[Termination "Mikhail_Golubev won on time"]

1. e4 c5 2. Nf3 e6 3. d4 cxd4 4. Nxd4 Nc6 5. Nc3 Qc7 6. Be3 a6 7. Bd3 Nf6 8. O-O Nxd4 9. Bxd4 Bc5 10. Be2 d6 11. Qd2 Bxd4 12. Qxd4 e5 13. Qe3 Be6 14. a4 O-O 15. Rfd1 Rac8 16. Rd2 Rfd8 17. Rad1 h6 18. f4 exf4 19. Qxf4 Qb6+ 20. Kh1 Qxb2 21. Nd5 Bxd5 22. exd5 Rxc2 23. Rxc2 Qxc2 24. Bf3 Re8 25. h4 Re5 26. Rc1 Qf2 27. Rc8+ Kh7 28. Rc1 Re1+ 29. Rxe1 Qxe1+ 30. Kh2 Qe5 31. Qxe5 dxe5 32. d6 b5 33. a5 b4 34. Be2 b3 35. Bxa6 b2 36. Bd3+ e4 37. Bb1 Kg8 38. a6 e3 39. a7 e2 40.
a8=Q+ 1-0

[Event "Late-Titled-Tuesday-Blitz-March-05-2024"]
[Site "Chess.com"]
[Date "2024.03.05"]
[Round "9"]
[White "martinmena"]
[Black "traack"]
[Result "0-1"]
[WhiteElo "2308"]
[BlackElo "2436"]
[TimeControl "180+1"]
[EndTime "15:39:29 PST"]
[Termination "traack won by resignation"]

1. c4 Nf6 2. g3 e6 3. Bg2 d5 4. Nf3 Be7 5. O-O O-O 6. d4 c6 7. b3 b6 8. Qc2 Nbd7 9. Rd1 Bb7 10. Nc3 Rc8 11. Bb2 c5 12. e4 Nxe4 13. Nxe4 dxe4 14.
Ne5 Nxe5 15. dxe5 Qc7 16. Bxe4 Bxe4 17. Qxe4 Rfd8 18. Qe2 g6 19. f4 h5 20. h4 Qc6 21.
Kf2 Bf8 22. Qf3 Qc7 23. Qe4 a6 24. Ke3 b5 25. Rac1 Qa5 26. cxb5 axb5 27. Rd3 Qxa2 28. Bc3 Qxb3 29. Rcd1 Rxd3+ 30. Rxd3 c4 31. Rd4 Qxc3+ 32. Kf2 Qxd4+ 33. Qxd4 Bc5 34. Ke3 Bxd4+ 35. Kxd4 c3 0-1

[Event "Late-Titled-Tuesday-Blitz-March-05-2024"]
[Site "Chess.com"]
[Date "2024.03.05"]
[Round "9"]
[White "OverallStranger"]
[Black "N_Mullodzhanov"]
[Result "0-1"]
[WhiteElo "2375"]
[BlackElo "2507"]
[TimeControl "180+1"]
[EndTime "15:39:30 PST"]
[Termination "N_Mullodzhanov won by resignation"]

1. e4 c6 2. d4 d5 3. exd5 cxd5 4. Bd3 Nc6 5. c3 Nf6 6. Bf4 Bg4 7. Qb3 Qd7 8. Nd2 e6 9. Ngf3 Bd6 10. Bxd6 Qxd6 11. O-O O-O 12. Rae1 Ne7 13. Ne5 Bf5 14. Bxf5 Nxf5 15.
Qd1 b5 16. g4 Ne7 17. g5 Nd7 18. Qh5 Nf5 19. Nxd7 Qxd7 20. Nf3 f6 21. gxf6 Rxf6 22. Ne5 Qc7 23. Kh1 b4 24. Qh3 Rh6 25. Qd3 a5 26. Rg1 Rf8 27. Rg2 Nh4 28. Rg4 Rxf2 29. Qg3 Rxb2 30.
Rxh4 Rxh4 31. Qxh4 bxc3 32. Qf4 c2 33. Rf1 h6 34.
Qc1 Rb1 35. Qxb1 cxb1=Q 36. Rxb1 Qc2 37. Rb8+ Kh7 38. Ra8 Qf2 39. h3 Qxd4 40. Nf7 Qe4+ 41. Kh2 d4 42. Re8 d3 43. Nd6 Qe5+ 44. Kg2 Qxd6 45.
Kf3 d2 46. Kg2 d1=Q 47. Rf8 0-1

[Event "Late-Titled-Tuesday-Blitz-March-05-2024"]
[Site "Chess.com"]
[Date "2024.03.05"]
[Round "9"]
[White "Heydarli77"]
[Black "Fh2411"]
[Result "1-0"]
[WhiteElo "2434"]
[BlackElo "2639"]
[TimeControl "180+1"]
[EndTime "15:39:31 PST"]
[Termination "Heydarli77 won on time"]

1. d4 d5 2. c4 c6 3. cxd5 cxd5 4. Nc3 Nf6 5. Nf3 Nc6 6. Bf4 Bf5 7. e3 e6 8. Qb3 Bb4 9. Bb5 O-O 10. O-O Bxc3 11. Qxc3 Rc8 12. Qa3 Qb6 13. Be2 Ne4 14. Rfc1 h6 15.
Ne5 Nxe5 16. Bxe5 Rfe8 17. f3 Nf6 18. Bxf6 gxf6 19. Rc5 Rxc5 20. dxc5 Qc7 21. Qxa7 Qe5 22. Qa3 h5 23. Rc1 h4 24. Qc3 Ra8 25. a3 Ra4 26.
b4 Qxc3 27. Rxc3 e5 28. Bb5 Ra7 29. a4 Kf8 30. a5 Be6 31. c6 bxc6 32. Bxc6 1-0

[Event "Late-Titled-Tuesday-Blitz-March-05-2024"]
[Site "Chess.com"]
[Date "2024.03.05"]
[Round "9"]
[White "Malev212"]
[Black "aceontheturn"]
[Result "1-0"]
[WhiteElo "2646"]
[BlackElo "2787"]
[TimeControl "180+1"]
[EndTime "15:39:33 PST"]
[Termination "Malev212 won by resignation"]

1. e4 e5 2. Nf3 Nc6 3. d4 exd4 4. Bc4 Nf6 5. e5 d5 6. Bb5 Nd7 7. O-O Be7 8. Bxc6 bxc6 9. Nxd4 Nxe5 10. Bf4 c5 11.
Bxe5 cxd4 12. Bxg7 Rg8 13. Be5 c5 14. Re1 Bg4 15.
Qd3 Qd7 16. Nd2 Bf5 17. Qa6 Rg6 18. Qa5 Bxc2 19. b4 c4 20. Bxd4 Qg4 21. Rxe7+ Kxe7 22. Qc5+ Ke8 23. Re1+ Be4 24. g3 Rc8 25. Qxd5 f5 26.
Nxe4 1-0

[Event "Late-Titled-Tuesday-Blitz-March-05-2024"]
[Site "Chess.com"]
[Date "2024.03.05"]
[Round "9"]
[White "Kostukov_Alex"]
[Black "anasta10"]
[Result "0-1"]
[WhiteElo "2336"]
[BlackElo "2529"]
[TimeControl "180+1"]
[EndTime "15:39:34 PST"]
[Termination "anasta10 won by resignation"]

1. g3 g6 2. Bg2 Bg7 3. c4 Nf6 4. Nf3 O-O 5. O-O c5 6. d4 cxd4 7. Nxd4 Nc6 8. c5 Qa5 9. Nb3 Qc7 10. Nc3 b6 11. Bf4 e5 12. Bg5 Ba6 13. cxb6 Qxb6 14.
Bxf6 Bxf6 15. Nd5 Qd8 16. Nxf6+ Qxf6 17. Qxd7 Rac8 18. Rfc1 Bb5 19. Qb7 a6 20. Nc5 Nd4 21. Nd7 Rxc1+ 22. Rxc1 Nxe2+ 23. Kh1 Bxd7 24. Re1 Bb5 25.
a4 Bd3 0-1

[Event "Late-Titled-Tuesday-Blitz-March-05-2024"]
[Site "Chess.com"]
[Date "2024.03.05"]
[Round "9"]
[White "BabageldiAnnaberdiyev"]
[Black "venturov"]
[Result "0-1"]
[WhiteElo "2609"]
[BlackElo "2482"]
[TimeControl "180+1"]
[EndTime "15:39:35 PST"]
[Termination "venturov won by checkmate"]

1. e4 Nf6 2. d3 d5 3. Nd2 c5 4. Ngf3 Nc6 5. g3 e5 6. Bg2 g6 7.
O-O Bg7 8. Re1 O-O 9. exd5 Nxd5 10. Nc4 Re8 11. a4 h6 12. c3 Nb6 13. Nxb6 axb6 14.
Qe2 Bf5 15. Rd1 Qd7 16. Ne1 Rad8 17. Be3 Bg4 18. Bf3 Be6 19. Bg2 Kh7 20. b4 cxb4 21.
cxb4 Nxb4 22. Bxb6 Rc8 23. a5 f5 24. Rab1 Nd5 25.
Bxd5 Bxd5 26. Rdc1 Bc6 27. Qa2 e4 28. dxe4 Rxe4 29. Ng2 Rce8 30. Rd1 Qe7 31. Be3 Rxe3 32. Nxe3 Qe4 33. Qc4 Qh1# 0-1

[Event "Late-Titled-Tuesday-Blitz-March-05-2024"]
[Site "Chess.com"]
[Date "2024.03.05"]
[Round "9"]
[White "DeTimmerman"]
[Black "jcibarra"]
[Result "1/2-1/2"]
[WhiteElo "2762"]
[BlackElo "2923"]
[TimeControl "180+1"]
[EndTime "15:39:39 PST"]
[Termination "Game drawn by repetition"]

1. b4 e5 2. Bb2 Bxb4 3. Bxe5 Nf6 4. Nc3 O-O 5. Bxf6 Qxf6 6. Nd5 Qd4 7. Nxb4 Qxb4 8.
Nf3 d5 9. e3 c5 10. Be2 Nc6 11.
c3 Qa5 12. O-O Bf5 13. Qb3 d4 14. Qxb7 Rac8 15. cxd4 cxd4 16. Rfc1 Be4 17. d3 Rc7 18. Qb2 Bxf3 19. Bxf3 Ne5 20. Rxc7 Nxf3+ 21. gxf3 Qxc7 22. Qxd4 Rd8 23. Qc4 Qe5 24. Rd1 g6 25. d4 Qg5+ 26. Kf1 Qh5 27. Qc7 Rd5 28. Ke2 Ra5 29. Rd2 Qb5+ 30.
Ke1 Qb1+ 31. Ke2 Qb5+ 32. Ke1 Qb1+ 33. Ke2 Qb5+ 1/2-1/2

[Event "Late-Titled-Tuesday-Blitz-March-05-2024"]
[Site "Chess.com"]
[Date "2024.03.05"]
[Round "9"]
[White "KetiTsatsalashvili"]
[Black "lefonghua"]
[Result "1/2-1/2"]
[WhiteElo "2491"]
[BlackElo "2599"]
[TimeControl "180+1"]
[EndTime "15:39:43 PST"]
[Termination "Game drawn by repetition"]

1. d4 Nf6 2. Nf3 g6 3. c4 Bg7 4. Nc3 O-O 5. e4 d6 6. Be2 Bg4 7. O-O Nfd7 8. Be3 c5 9. d5 Na6 10. Qd2 Nc7 11. Bh6 e6 12. Bxg7 Kxg7 13. h3 Bxf3 14.
Bxf3 exd5 15. exd5 Ne5 16. Be2 f5 17. f4 Nd7 18. Bf3 Nf6 19. Rfe1 Qd7 20. a4 Rfe8 21. Kf2 Rxe1 22. Rxe1 Re8 23. b3 b6 24. Nb5 a6 25.
Nxc7 Qxc7 26. Rxe8 Nxe8 27. Qe3 Kf8 28. g4 fxg4 29. hxg4 Qe7 30. Qxe7+ Kxe7 31. g5 a5 32. Bg4 Kf7 33. f5 gxf5 34. Bxf5 Kg7 35. Kg3 h6 36. Kh4 hxg5+ 37. Kxg5 Nf6 38. Bd3 Kf7 39. Bf5 Ke7 40. Bd3 Nd7 41. Be4 Ne5 42. Kf5 Nf7 43. Bd3 Nh6+ 44.
Kg5 Nf7+ 45. Kf5 Nh6+ 46. Kg5 Nf7+ 47. Kf5 1/2-1/2

[Event "Late-Titled-Tuesday-Blitz-March-05-2024"]
[Site "Chess.com"]
[Date "2024.03.05"]
[Round "9"]
[White "Goryachkina"]
[Black "corvachesky"]
[Result "1/2-1/2"]
[WhiteElo "2687"]
[BlackElo "2512"]
[TimeControl "180+1"]
[EndTime "15:39:44 PST"]
[Termination "Game drawn by repetition"]

1. e4 c6 2. d4 d5 3. exd5 cxd5 4. c4 Nf6 5. Nc3 Nc6 6. Nf3 Bg4 7. Bg5 e6 8. cxd5 exd5 9. Be2 Be7 10. O-O O-O 11.
h3 Be6 12. Bd3 h6 13. Be3 Bd6 14. Re1 Re8 15. Rc1 Rc8 16. Bb1 Ne7 17. Ne5 Bf5 18. Nb5 Rxc1 19. Qxc1 Bxb1 20. Qxb1 Bb8 21. Nc3 a6 22.
Bf4 Nc6 23. Nxc6 bxc6 24. Bxb8 Qxb8 25. Rxe8+ Qxe8 26. Qd3 Qe1+ 27. Qf1 Qd2 28. Qxa6 Qxb2 29. Qxc6 Qc1+ 30. Kh2 Qf4+ 31. Kg1 Qc1+ 32. Kh2 Qf4+ 33. Kg1 Qc1+ 1/2-1/2